 Dungeon Crawl Stone Soup version 0.21.1-1-g345015fe64 (webtiles) character file.

81 Bapho the Sneak (level 4, 0/21 HPs)
             Began as a Spriggan Enchanter on July 1, 2018.
             Was an Initiate of Dithmenos.
             Slain by a kobold (1 damage)
             ... on level 2 of the Dungeon.
             The game lasted 00:06:43 (2271 turns).

Bapho the Sneak (Spriggan Enchanter)                Turns: 2271, Time: 00:06:44

Health: 0/21       AC:  2    Str:  4    XL:     4   Next: 20%
Magic:  1/10       EV: 19    Int: 16    God:    Dithmenos [......]
Gold:   110        SH:  0    Dex: 17    Spells: 1/10 levels left

rFire    . . .     SeeInvis +   a - +1 dagger
rCold    . . .     Gourm    .   (shield restricted)
rNeg     . . .     Faith    .   b - +0 robe
rPois    .         Spirit   .   (helmet restricted)
rElec    .         Reflect  .   (no cloak)
rCorr    .         Harm     .   (gloves unavailable)
MR       .....                  (boots unavailable)
Stlth    +++.......             (no amulet)
HPRegen  0.07/turn              (no ring)
MPRegen  0.12/turn              (no ring)

@: very slightly contaminated, very quick
A: very small, unfitting armour, see invisible, herbivore, speed 3, slow
metabolism 2
a: Renounce Religion


You were on level 2 of the Dungeon.
You worshipped Dithmenos.
Dithmenos was noncommittal.
You were very hungry.

You visited 1 branch of the dungeon, and saw 3 of its levels.

You collected 110 gold pieces.

Inventory:

Hand Weapons
 a - a +1 dagger (weapon)
Armour
 b - a +0 robe (worn)
Scrolls
 f - 2 scrolls of fear {unknown}
 g - 2 scrolls of identify {unknown}
 i - 2 scrolls of enchant armour {unknown}
 k - a scroll of noise {unknown}
Potions
 e - 2 potions of ambrosia {unknown}
 h - a potion of might {unknown}
 j - a potion of curing {unknown}
Books
 c - a book of Maledictions

   Spells                             Type                      Level
   a - Corona                         Hexes                        1
   b - Ensorcelled Hibernation        Hexes/Ice                    2
   c - Confuse                        Hexes                        3
   d - Tukima's Dance                 Hexes                        3
   e - Dazzling Spray                 Conjuration/Hexes            3
Comestibles
 d - 5 rations


   Skills:
 - Level 1.1 Short Blades
 + Level 4.1 Dodging
 + Level 5.4 Stealth
 + Level 3.6 Spellcasting
 + Level 4.3 Hexes


You had one spell level left.
You knew the following spells:

 Your Spells              Type           Power        Failure   Level  Hunger
a - Corona                Hex            ###....      3%          1    None
b - Ensorcelled Hibernat  Hex/Ice        #.....       11%         2    ##.....
c - Tukima's Dance        Hex            ###.....     9%          3    ###....
d - Confuse               Hex            ###.....     9%          3    ###....


Dungeon Overview and Level Annotations

Branches:
Dungeon (3/15)

Altars:
Ashenzari
Dithmenos
Xom


Innate Abilities, Weirdness & Mutations

You are very small and have problems with some larger weapons.
You are too small for most types of armour.
You have supernaturally acute eyesight. (SInv)
You are a herbivore.
You cover ground extremely quickly.
You need consume almost no food.


Message History

Dithmenos accepts your kill. The kobold hits you.
* * * LOW HITPOINT WARNING * * *
Casting: Ensorcelled Hibernation
Confirm with . or Enter, or press ? or * to list all spells.
Aiming: Ensorcelled Hibernation
Press: ? - help, Shift-Dir - straight line, f - kobold
Aim: a kobold (chance to defeat MR: 58%)
The kobold resists with significant effort.
The kobold hits you.
* * * LOW HITPOINT WARNING * * *
Casting: Ensorcelled Hibernation
Confirm with . or Enter, or press ? or * to list all spells.
Aiming: Ensorcelled Hibernation
Press: ? - help, Shift-Dir - straight line, f/p - kobold
Aim: a kobold (chance to defeat MR: 58%)
The kobold resists with significant effort.
You are feeling very hungry.
The kobold hits you.
You die...

.##.## #.# ###..#
#.# ###..# #.#
.....##### #.#
[........# #.#
(........# #.#
..#......#######.#
..#...........##.#
..............hK@#
...####.#####.####
...# #.# #.#
...####.# #.#
#.......# #.#
#.......# #.#
##......# #.#
##......# #.#
.......[# #.#


You could see a jackal and a kobold.

Vanquished Creatures
  2 adders (D:2)
  An ooze (D:1)
  A worm (D:2)
  A dart slug (D:1)
  8 bats
  4 giant cockroaches
  8 goblins
  7 hobgoblins
  4 jackals (D:2)
  2 ball pythons
  4 frilled lizards
  4 kobolds
  4 rats
50 creatures vanquished.

Notes
Turn   | Place    | Note
-------+----------+-------------------------------------------
     0 | D:1      | Bapho the Spriggan Enchanter began the quest for the Orb.
     0 | D:1      | Reached XP level 1. HP: 9/9 MP: 5/5
   111 | D:1      | Reached XP level 2. HP: 13/13 MP: 6/6
   125 | D:1      | Learned a level 2 spell: Ensorcelled Hibernation
   712 | D:1      | Reached skill level 5 in Stealth
   791 | D:1      | Reached XP level 3. HP: 16/16 MP: 5/8
   796 | D:1      | Learned a level 3 spell: Tukima's Dance
  1003 | D:2      | Found a shimmering altar of Xom.
  1309 | D:2      | Learned a level 3 spell: Confuse
  1388 | D:2      | Reached XP level 4. HP: 17/21 MP: 1/10
  1597 | D:2      | Found a shattered altar of Ashenzari.
  1864 | D:2      | Found a shadowy altar of Dithmenos.
  1892 | D:2      | Became a worshipper of Dithmenos the Shadowed
  2270 | D:2      | HP: 1/21 [kobold (4)]
  2271 | D:2      | Slain by a kobold

Skill      XL: |  1  2  3 |
---------------+----------+-----
Spellcasting   | 3 |  3.6
Hexes          | 4 |  4.3
Stealth        | 5 |  5.4
Dodging        | 4 |  4.1
Short Blades   | |  1.1

Action                   |  1- 3 |  4- 6 || total
-------------------------+-------+-------++-------
Melee: Dagger            |    83 |    57 ||   140
 Cast: Ensorcelled Hiber |    22 |    12 ||    34
       Corona            |     2 |       ||     2
       Tukima's Dance    |       |     1 ||     1
 Stab: Sleeping          |    29 |     5 ||    34
Armor: Robe              |     7 |     3 ||    10
Dodge: Dodged            |    65 |    67 ||   132
